 Dungeon Sprint DCSS version 0.31.0-9-g3a7656b989 (webtiles) character file.

Game seed: 10771524944262529727

1729 Groucho the Geomancer (level 8, -9/48 HPs)
             Began as a Deep Elf Earth Elementalist on Jan 25, 2024.
             Was a High Priest of Sif Muna.
             Mangled by Erolcha
             ... wielding a +0 giant club
              (39 damage)
             ... in the Dungeon (Sprint VII: "The Pits").
             The game lasted 00:08:56 (2843 turns).

Groucho the Geomancer (Deep Elf Earth Elementalist) Turns: 2843, Time: 00:08:57

Health: -9/48      AC:  3    Str:  5    XL:     8   Next: 76%
Magic:  22/25      EV: 12    Int: 23    God:    Sif Muna [*****.]
Gold:   0          SH:  0    Dex: 15    Spells: 14/29 levels left

rFire   . . .        h - +2 dagger
rCold   . . .        (no shield)
rNeg    . . .        a - +0 robe
rPois   .            (no helmet)
rElec   .            (no cloak)
rCorr   .            (no gloves)
SInv    .            r - +0 pair of boots
Will    .....        (no amulet)
Stlth   +++          (no ring)
HPRegen 0.28/turn    (no ring)
MPRegen 0.19/turn

%: no teleportation
@: no status effects
A: no striking features
a: Renounce Religion, Channel Magic, Forget Spell, Divine Exegesis


You were in the Dungeon.
You worshipped Sif Muna.
Sif Muna was extremely pleased with you.
You visited 1 branch

Inventory:

Hand Weapons
 h - a +2 dagger (weapon)
Missiles
 m - 13 stones
Armour
 a - a +0 robe (worn)
 n - a +3 ring mail
 r - a +0 pair of boots (worn)
Jewellery
 o - a +3 ring of evasion
 p - a +3 ring of dexterity
Scrolls
 g - a scroll of blinking
 j - 2 scrolls of vulnerability
 k - 5 scrolls of amnesia
 l - a scroll of butterflies
Potions
 b - 5 potions of magic
 c - 12 potions of curing
 d - 7 potions of heal wounds
 e - a potion of haste
 f - 3 potions of berserk rage
 i - 2 potions of invisibility
 q - 2 potions of resistance


   Skills:
 + Level 4.8 Fighting
 - Level 5.0 Short Blades
 - Level 2.4 Dodging
 - Level 7.0 Stealth
 + Level 11.0 Spellcasting
 + Level 8.8 Conjurations
 + Level 2.0 Summonings
 + Level 3.1 Fire Magic
 + Level 11.1 Earth Magic
 + Level 6.1 Alchemy
 + Level 6.2 Invocations


You had 14 spell levels left.
You knew the following spells:

 Your Spells              Type           Power      Damage    Failure   Level
a - Sandblast             Erth           100%       2d20      1%          1
b - Stone Arrow           Conj/Erth      100%       3d13      1%          3
c - Petrify               Alch/Erth      51%        N/A       1%          4
d - Fireball              Conj/Fire      20%        3d10      12%         5
e - Call Imp              Summ           44%        N/A       3%          2

Your spell library contained the following spells:

 Spells                   Type           Power      Damage    Failure   Level
 Magic Dart               Conj           100%       1d8       1%          1
 Searing Ray              Conj           100%       2d8       1%          2
 Passwall                 Erth           59%        N/A       1%          3
 Brom's Barrelling Bould  Conj/Erth      55%        2d7       1%          4
 Flame Wave               Conj/Fire      40%        2d11      4%          4
 Blink                    Tloc           24%        N/A       8%          2


Dungeon Overview and Level Annotations

Branches:
Dungeon (1/1)

Altars:
Ashenzari
Cheibriados
Dithmenos
Elyvilon
Fedhas
Gozag
Hepliaklqana
Kikubaaqudgha
Makhleb
Nemelex Xobeh
Okawaru
Qazlal
Ru
Sif Muna
Trog
Uskayaw
Vehumet
Wu Jian
Xom
Yredelemnul
Zin
The Shining One
Jiyva
Lugonu

Annotations:
D Erolcha


Message History

Your Spellcasting skill increases to level 11!
Your Summonings skill increases to level 2!
Your Fire Magic skill increases to level 3!
Your Earth Magic skill increases to level 11!
Your Alchemy skill increases to level 6!
Your Invocations skill increases to level 6!
Unknown command.
You start resting.
Magic restored.
You start resting.
HP restored.
You start waiting.
Done waiting.
You start waiting.
Done waiting.
There is an open door here.
There is an open door here.
A cyclops, Erolcha and a hornet come into view.
Erolcha is wielding a +0 giant club and wearing a +2 robe of willpower.
The sky beast flickers out of sight!
Deactivating autopickup; reactivate with Ctrl-A.
A sky beast appears from thin air!
Reactivating autopickup.
There is an open door here.
Casting: Petrify (dangerous; 1% risk of failure)
Confirm with . or Enter, or press ? or * to list all spells.
Aiming: Stone Arrow (safe; 1% risk of failure)
Press: ? - help, Shift-Dir - straight line, f - Erolcha
Aim: Erolcha, wielding a +0 giant club and wearing a +2 robe of willpower (87% to hit)
The stone arrow hits Erolcha!!
Erolcha is heavily wounded.
Erolcha hits you with a +0 giant club!!!
Ouch! That really hurt!
* * * LOW HITPOINT WARNING * * *
You hear a shout!
Unknown command.
You feel much better.
Erolcha hits you with a +0 giant club!!!
Ouch! That really hurt!
You die...

.............+
...#..#......#
.............#
'#####''#####
....##''################
....##..#..§...........#
....##..##§.Y...........
<...##..####C.y#O######
....##..#..#####@##
....##..#....##...#
....##..'.....#...#
######..'...).'...+
######..'.....#...#
..[[##..#....##...#
...[##..#..#####.##
..))##..#### #+#
..))##..#


You could see Erolcha.

Vanquished Creatures
  An efreet (D)
  2 glass eyes (D)
  A basilisk (D)
  Menkaure (D)
  A sky beast (D)
  An orc warrior (D)
  2 laughing skulls (D)
  A centaur (D)
  A brain worm (D)
  A phantom (D)
  A scorpion (D)
  A crimson imp (D)
  A quasit (D)
  2 orc priests (D)
  3 orc wizards (D)
  A gnoll (D)
  A dart slug (D)
  4 orcs (D)
  A bat skeleton (D)
  2 giant cockroaches (D)
  2 hobgoblins (D)
  2 jackals (D)
  A kobold (D)
  A quokka (D)
  A quokka zombie (D)
36 creatures vanquished.

Notes
Turn   | Place    | Note
-------+----------+-------------------------------------------
     0 | D        | Groucho the Deep Elf Earth Elementalist began the quest for
                  | the Orb.
     0 | D        | Reached XP level 1. HP: 10/10 MP: 6/6
   243 | D        | Found a glowing golden altar of the Shining One.
   243 | D        | Found a glowing silver altar of Zin.
   243 | D        | Found a basalt altar of Yredelemnul.
   243 | D        | Found a shimmering altar of Xom.
   243 | D        | Found an ornate altar of the Wu Jian Council.
   243 | D        | Found a bloodstained altar of Trog.
   243 | D        | Found a shimmering blue altar of Sif Muna.
   243 | D        | Found a sacrificial altar of Ru.
   243 | D        | Found a stormy altar of Qazlal.
   243 | D        | Found an iron altar of Okawaru.
   243 | D        | Found a sparkling altar of Nemelex Xobeh.
   243 | D        | Found a burning altar of Makhleb.
   243 | D        | Found a viscous altar of Jiyva.
   243 | D        | Found a hazy altar of Hepliaklqana.
   243 | D        | Found an opulent altar of Gozag.
   243 | D        | Found a blossoming altar of Fedhas.
   243 | D        | Found a white marble altar of Elyvilon.
   243 | D        | Found a shadowy altar of Dithmenos.
   243 | D        | Found a snail-covered altar of Cheibriados.
   245 | D        | Found a radiant altar of Vehumet.
   245 | D        | Found a corrupted altar of Lugonu.
   246 | D        | Found an ancient bone altar of Kikubaaqudgha.
   246 | D        | Found a hide-covered altar of Uskayaw.
   246 | D        | Found a broken altar of Ashenzari.
   247 | D        | Became a worshipper of Sif Muna the Loreminder
   259 | D        | Noticed a glass eye
   265 | D        | Killed a glass eye
   266 | D        | Reached XP level 2. HP: 5/15 MP: 1/12
   266 | D        | Reached XP level 3. HP: 6/19 MP: 1/14
   266 | D        | Reached XP level 4. HP: 8/24 MP: 1/15
   266 | D        | Reached XP level 5. HP: 9/28 MP: 1/17
   478 | D        | Learned a level 3 spell: Stone Arrow
   483 | D        | Learned a level 4 spell: Petrify
   490 | D        | Reached * piety under Sif Muna
   609 | D        | Noticed a glass eye
   759 | D        | Reached skill level 1 in Fighting
   759 | D        | Reached skill level 1 in Short Blades
   759 | D        | Reached skill level 1 in Alchemy
   759 | D        | Reached skill level 1 in Invocations
   763 | D        | Killed a glass eye
   763 | D        | Reached ** piety under Sif Muna
   764 | D        | Reached XP level 6. HP: 36/36 MP: 4/19
   865 | D        | Noticed a sky beast
   869 | D        | Killed a sky beast
   870 | D        | Reached skill level 5 in Stealth
   870 | D        | Reached skill level 10 in Earth Magic
   870 | D        | Reached XP level 7. HP: 40/40 MP: 13/21
  1088 | D        | Reached *** piety under Sif Muna
  1092 | D        | Reached **** piety under Sif Muna
  1413 | D        | Reached ***** piety under Sif Muna
  1481 | D        | Noticed Menkaure
  1483 | D        | Received a gift from Sif Muna
  1485 | D        | Reached skill level 10 in Spellcasting
  1486 | D        | Killed Menkaure
  1487 | D        | Reached XP level 8. HP: 42/48 MP: 7/24
  1489 | D        | Got Sif Muna's Catalogue of Battling {god gift}
  1745 | D        | Learned a level 5 spell: Fireball
  1778 | D        | Reached skill level 5 in Alchemy
  1778 | D        | Reached skill level 5 in Invocations
  1782 | D        | Reached skill level 1 in Fire Magic
  1957 | D        | Reached skill level 5 in Short Blades
  1962 | D        | Received a gift from Sif Muna
  2159 | D        | Learned a level 2 spell: Call Imp
  2276 | D        | Reached skill level 1 in Summonings
  2557 | D        | Noticed an efreet
  2587 | D        | Killed an efreet
  2839 | D        | Noticed a cyclops
  2839 | D        | Noticed Erolcha
  2839 | D        | Noticed a hornet
  2843 | D        | Mangled by Erolcha

Illustrated notes

Levels and vault maps discovered:
D:        pitsprint [storerooms_1, entrance_room_1, metal_vault_1, armoury_1,
          mini_pit_1, grid_room_1, main_hall_1, silver_pit, the_coven_1,
          the_vestibule_1, steel_vault_1, golden_pit, hallway_of_sentries,
          crystal_vault_2, iron_vault_5, final_vault]

Skill      XL: |  1  2  3  4  5  6  7  8 |
---------------+-------------------------+-----
Spellcasting   | 7 8 9 10 11 | 11.0
Conjurations   | 6 7 8 |  8.8
Earth Magic    | 9 10 11 | 11.1
Fighting       | 2 3 4 |  4.8
Short Blades   | 3 4 5 |  5.0
Stealth        | 4 5 6 7 |  7.0
Alchemy        | 3 4 6 |  6.1
Invocations    | 3 4 6 |  6.2
Fire Magic     | 3 |  3.1
Summonings     | 2 |  2.0
Dodging        | |  2.4

Action                     |  1- 3 |  4- 6 |  7- 9 || total
---------------------------+-------+-------+-------++-------
  Melee: Unarmed           |     2 |       |       ||     2
         Dagger            |     1 |       |     7 ||     8
   Cast: Sandblast         |     7 |     5 |       ||    12
         Stone Arrow       |       |     8 |    31 ||    39
         Petrify           |       |       |     3 ||     3
    Use: Potion            |       |     1 |     2 ||     3
   Stab: Sleeping          |     1 |       |     1 ||     2
         Petrified         |       |       |     6 ||     6
 Armour: Robe              |     4 |     1 |    13 ||    18
  Dodge: Dodged            |     4 |       |     3 ||     7
